 Dungeon Crawl Stone Soup version 0.30-a0-1160-g6e42c06551 (webtiles) character file.

Game seed: 12033022040875637254

555 Orangeyouglad the Ducker (level 7, -6/55 HPs)
             Began as a Human Monk on Apr 25, 2023.
             Was a Priest of Zin.
             Mangled by an ogre
             ... wielding a +0 giant club
              (19 damage)
             ... on level 5 of the Dungeon.
             The game lasted 00:08:10 (4442 turns).

Orangeyouglad the Ducker (Human Monk)               Turns: 4442, Time: 00:08:11

Health: -6/55      AC:  6    Str: 14    XL:     7   Next: 55%
Magic:  5/7        EV: 12    Int: 12    God:    Zin [***...]
Gold:   143        SH:  0    Dex: 16    Spells: 3/6 levels left

rFire   . . .        a - +0 spear
rCold   . . .        d - orb {light}
rNeg    . . .        g - +0 ring mail
rPois   ∞            x - +0 helmet
rElec   .            (no cloak)
rCorr   .            (no gloves)
SInv    .            (no boots)
Will    .....        (no amulet)
Stlth   +            (no ring)
HPRegen 0.29/turn    (no ring)
MPRegen 0.10/turn

%: no passive effects
@: mighty, vitalised, glowing
A: no striking features
a: Renounce Religion, Recite, Vitalisation, Imprison, Donate Gold


You were on level 5 of the Dungeon.
You worshipped Zin.
Zin was most pleased with you.
You visited 2 branches of the dungeon, and saw 6 of its levels.

You collected 295 gold pieces.
You donated 152 gold pieces to Zin.

Inventory:

Hand Weapons
 a - a +0 spear (weapon)
Missiles
 h - 7 boomerangs (quivered)
Armour
 b - a +0 robe
 d - an orb of light (worn)
 g - a +0 ring mail (worn)
 r - a +1 pair of boots
 x - a +0 helmet (worn)
Magical Staves
 u - a staff of earth
Jewellery
 l - an amulet of reflection
Scrolls
 c - 2 scrolls of noise {unknown}
 e - 2 scrolls of enchant armour
 j - 2 scrolls of enchant weapon
 k - a scroll of magic mapping {unknown}
 p - 2 scrolls of blinking
 q - a scroll of fog {unknown}
 v - 2 scrolls of poison {unknown}
Potions
 f - a potion of haste
 i - a potion of lignification
 n - 4 potions of flight
 o - a potion of attraction {unknown}
 s - 3 potions of mutation {unknown}
 t - a potion of brilliance {unknown}
 w - a potion of might


   Skills:
 + Level 4.8 Fighting
 + Level 4.8 Polearms
 + Level 3.2 Throwing
 + Level 4.8 Dodging
 + Level 0.5 Hexes


You had 3 spell levels left.
You knew the following spells:

 Your Spells              Type           Power      Damage    Failure   Level
a - Confusing Touch       Hex            1%         N/A       86%         3

Your spell library contained the following spells:

 Spells                   Type           Power      Damage    Failure   Level
 Slow                     Hex            4%         N/A       50%         1
 Vampiric Draining        Necr           0%         2d6       90%         3


Dungeon Overview and Level Annotations

Branches:
Dungeon (5/15)             Temple (1/1) D:5

Altars:
Elyvilon
Fedhas
Gozag
Nemelex Xobeh
Qazlal
Uskayaw
Wu Jian
Zin
The Shining One


Message History

The black bear is heavily wounded.
The black bear bites you but does no damage.
The black bear claws you. x2
Zin grants you divine stamina. The black bear bites you.
The black bear claws you.
The black bear claws you but does no damage.
An ogre comes into view. It is wielding a +0 giant club.
You barely miss the black bear.
The black bear is heavily wounded.
The black bear bites you! The black bear claws you.
The black bear barely misses you.
You are too injured to fight recklessly!
You are too injured to fight recklessly!
You hit the black bear.
The black bear is heavily wounded.
The black bear closely misses you. The black bear misses you.
The black bear closely misses you.
You hit the black bear.
The black bear is heavily wounded.
The black bear closely misses you. The black bear claws you.
The black bear claws you but does no damage.
You barely miss the black bear.
The black bear is heavily wounded.
You hit the black bear.
The black bear is heavily wounded.
The black bear barely misses you. x2; The black bear claws you.
The ogre closely misses you.
You feel very mighty all of a sudden. The black bear closely misses you.
The black bear misses you.
The black bear claws you but does no damage.
The ogre hits you with a +0 giant club!
* * * LOW HITPOINT WARNING * * *
You feel better. The black bear closely misses you. x3
You puncture the black bear!
The black bear is almost dead.
The black bear goes berserk!
The ogre closely misses you.
You puncture the black bear!
You kill the black bear!
The ogre hits you with a +0 giant club!!
You die...

#### ...#
#..## #).#
#.## #..#
##.# #†# #@#
.. ##O# ...#
##..#
#...####..##
#......##
####..##
#####.## ..
#......#
..##.
#......#


You could see an ogre.

Vanquished Creatures
  2 black bears
  A phantom (D:4)
  A scorpion (D:4)
  2 jellies
  2 hounds
  3 iguanas
  5 adders
  A worm (D:4)
  3 dart slugs
  6 orcs
  8 ball pythons
  6 endoplasms
  2 giant cockroaches
  7 goblins
  4 hobgoblins
  8 kobolds
  3 quokkas
  5 bats
  2 frilled lizards
  2 rats
  A butterfly (D:3)
74 creatures vanquished.

Vanquished Creatures (others)
  A plant (D:3)
1 creature vanquished.

Grand Total: 75 creatures vanquished

Notes
Turn   | Place    | Note
-------+----------+-------------------------------------------
     0 | D:1      | Orangeyouglad the Human Monk began the quest for the Orb.
     0 | D:1      | Reached XP level 1. HP: 18/18 MP: 1/1
   261 | D:1      | Reached XP level 2. HP: 24/24 MP: 2/2
   361 | D:1      | Found a faded altar of an unknown god.
   601 | D:1      | Reached XP level 3. HP: 29/29 MP: 3/3
  1492 | D:3      | Reached XP level 4. HP: 35/35 MP: 4/4
  1555 | D:3      | Reached skill level 1 in Throwing
  1632 | D:3      | Reached XP level 5. HP: 15/42 MP: 5/5
  2077 | D:3      | Found a faded altar of an unknown god.
  2087 | D:3      | Found an opulent altar of Gozag.
  2203 | D:3      | Found an ornate altar of the Wu Jian Council.
  2618 | D:4      | Noticed a phantom
  2746 | D:4      | Found a stormy altar of Qazlal.
  2801 | D:4      | Reached XP level 6. HP: 43/48 MP: 6/6
  3189 | D:4      | Noticed a black bear
  3205 | D:4      | Killed a black bear
  3451 | D:4      | Reached XP level 7. HP: 31/55 MP: 7/7
  4101 | D:4      | Learned a level 3 spell: Confusing Touch
  4106 | D:5      | Entered Level 5 of the Dungeon
  4194 | D:5      | Found a staircase to the Ecumenical Temple.
  4217 | Temple   | Entered the Ecumenical Temple
  4341 | Temple   | Became a worshipper of Zin the Law-Giver
  4341 | Temple   | Reached * piety under Zin
  4341 | Temple   | Reached ** piety under Zin
  4341 | Temple   | Reached *** piety under Zin
  4343 | Temple   | Donated 123 gold pieces to Zin
  4439 | D:5      | HP: 1/55 [ogre/+0 giant club (17)]
  4442 | D:5      | Mangled by an ogre

Illustrated notes

Levels and vault maps discovered:
D:1:      tarquinn_simple_flora_water_c, layout_loops_ring,
          hellmonk_ecumenical_altar_inner_sanctum
D:2:      layout_basic
D:3:      layout_basic, nicolae_overflow_ecumenical_swirl,
          nicolae_wu_jian_immortal_techniques, chequers_serial_rivers_room_b,
          hangedman_glass_garden
D:4:      layout_cave_pods, amcnicky_altar_gilded, minmay_checkerbox
D:5:      layout_rooms, trog_book, minmay_temple_entry_gardened_gates,
          minmay_manual_moon
Temple:   nicolae_temple_superstar

Skill      XL: |  1  2  3  4  5  6  7 |
---------------+----------------------+-----
Throwing       | 1 2 3 |  3.2
Dodging        | 4 |  4.8
Fighting       | 4 |  4.8
Polearms       | 4 |  4.8
Hexes          | |  0.5

Action                     |  1- 3 |  4- 6 |  7- 9 || total
---------------------------+-------+-------+-------++-------
  Melee: Spear             |    92 |   188 |    64 ||   344
  Throw: Boomerang         |     2 |    16 |     9 ||    27
 Invoke: Recite            |       |       |     1 ||     1
         Vitalisation      |       |       |     1 ||     1
         Donate Gold       |       |       |     1 ||     1
    Use: Scroll            |       |     6 |       ||     6
         Potion            |       |     3 |     3 ||     6
 Armour: Ring mail         |    32 |    30 |    14 ||    76
         Skin              |       |    21 |       ||    21
  Dodge: Dodged            |    45 |    83 |    49 ||   177

Table legend: (Time is in decaauts)
 A = Elapsed time spent in this place.
 B = Non-inter-level travel time spent in this place.
 C = Inter-level travel time spent in this place.
 D = Time resting spent in this place.
 E = Time spent auto-exploring this place.
 F = Levels seen in this place.
 G = Mean time per level.
                   A        B        C        D        E       F      G
               +--------+--------+--------+--------+--------+-----+--------+
         Total |   4416 |   4214 |    202 |    815 |   2480 |   6 |  736.0 |
       Dungeon |   4274 |   4086 |    188 |    815 |   2374 |   5 |  854.8 |
        Temple |    141 |    127 |     14 |      0 |    106 |   1 |  141.0 |
               +--------+--------+--------+--------+--------+-----+--------+

Top non-repeatable levels by time:
     D:4: 1605 daAuts
     D:3: 1002 daAuts
     D:1: 756 daAuts
     D:2: 721 daAuts
     D:5: 188 daAuts
  Temple: 141 daAuts
